[Event "Croatian-ch Youth U15 2022"]
[Site "Trogir"]
[Date "2022.06.25"]
[Round "6.6"]
[White "Kos, Nikola"]
[Black "Zadro, Matej"]
[Result "0-1"]
[ECO "A00"]
[WhiteElo "1523"]
[BlackElo "1861"]
[Annotator "NA RC"]
[PlyCount "56"]
[EventDate "2022.06.22"]
[EventType "swiss"]
[EventCountry "CRO"]
[SourceTitle "playchess.com"]
[Source "ChessBase"]
[SourceQuality "1"]
[TimeControl "5400+30"]

1. g3 e5 2. Bg2 d5 3. d3 Nc6 4. e3 Be6 5. Ne2 Nf6 6. a3 a5 7. O-O Qd7 8. Bd2 Bh3 9. f3 Bc5 10. Kh1 O-O 11. Nbc3 Bxg2+ 12. Kxg2 Rad8 13. Rb1 Ba7 14. Qe1 d4 15. exd4 exd4 16. Ne4 Nd5 17. Nf4 Ne3+ 18. Bxe3 dxe3 19. c3 h6 20. g4 f5 21. gxf5 Qxf5 22. Ne2 Rxd3 23. Qg3 Ne5 24. Rbe1 Nxf3 25. Qxf3 Qg6+ 26. Qg3 Qxe4+ $19 27. Kg1 Rf2 28. Qh3 Rd2 0-1

[Event "Croatian-ch Youth U15 2022"]
[Site "Trogir"]
[Date "2022.06.25"]
[Round "6.7"]
[White "Tomljanovic, Ivano"]
[Black "Konjevic, Nikola"]
[Result "1-0"]
[ECO "B00"]
[WhiteElo "1844"]
[BlackElo "1708"]
[Annotator "NA RC"]
[PlyCount "97"]
[EventDate "2022.06.22"]
[EventType "swiss"]
[EventCountry "CRO"]
[SourceTitle "playchess.com"]
[Source "ChessBase"]
[SourceQuality "1"]
[TimeControl "5400+30"]

1. d4 b5 2. e4 Bb7 3. Bd3 Nf6 4. Qe2 a6 5. Nf3 e6 6. c3 Be7 7. Bf4 c5 8. O-O Nc6 9. Nbd2 $14 cxd4 10. cxd4 Nb4 11. Rfe1 Nxd3 12. Qxd3 d5 13. e5 Ne4 14. Nf1 O-O 15. N3d2 Rc8 16. Nb3 h6 17. f3 Ng5 18. Ng3 Qb6 19. Qd2 b4 20. Nh5 f6 21. h4 Nf7 22. exf6 Bxf6 23. Nxf6+ gxf6 24. Bxh6 Nxh6 25. Qxh6 Rf7 26. Re2 Rc6 27. Qg6+ Kf8 28. Rae1 e5 29. Nc5 Rxc5 30. dxc5 Qxc5+ 31. Kh1 Qd4 32. Qh6+ Kg8 33. f4 e4 34. Qg6+ Kf8 35. h5 f5 36. Qd6+ Kg8 37. Re3 Qf6 38. Rg3+ Kh7 39. Qxf6 Rxf6 40. Rc1 Rc6 41. Rxc6 Bxc6 42. Rg6 Bb5 43. Rd6 e3 44. Kg1 e2 45. Kf2 Bd3 46. Rxd5 Bc4 47. Rxf5 Bxa2 48. Kxe2 Kh6 49. g4 1-0

[Event "Croatian-ch Youth U15 2022"]
[Site "Trogir"]
[Date "2022.06.25"]
[Round "6.8"]
[White "Mlinaric, Simun"]
[Black "Horcicka, Jan"]
[Result "0-1"]
[ECO "D11"]
[WhiteElo "1399"]
[BlackElo "1804"]
[Annotator "NA RC"]
[PlyCount "46"]
[EventDate "2022.06.22"]
[EventType "swiss"]
[EventCountry "CRO"]
[SourceTitle "playchess.com"]
[Source "ChessBase"]
[SourceQuality "1"]
[TimeControl "5400+30"]

1. d4 d5 2. Nf3 Nf6 3. g3 c6 4. Bg2 Bf5 5. O-O e6 6. c4 Nbd7 7. Qb3 Qc8 8. c5 Be7 9. Nc3 O-O 10. Nh4 Bg4 11. h3 Bh5 12. Bf3 e5 13. e3 Bxf3 14. Nxf3 e4 15. Nh4 Nxc5 16. Qc2 Qxh3 17. dxc5 g5 18. Nf5 Qxf5 19. f3 Qh3 20. fxe4 Qxg3+ 21. Qg2 Nxe4 22. Nxe4 Qxg2+ 23. Kxg2 dxe4 0-1

[Event "Croatian-ch Youth U15 2022"]
[Site "Trogir"]
[Date "2022.06.25"]
[Round "6.9"]
[White "Botica, Lucija"]
[Black "Begic, Klara"]
[Result "0-1"]
[ECO "B13"]
[WhiteElo "1145"]
[BlackElo "1727"]
[Annotator "NA RC"]
[PlyCount "66"]
[EventDate "2022.06.22"]
[EventType "swiss"]
[EventCountry "CRO"]
[SourceTitle "playchess.com"]
[Source "ChessBase"]
[SourceQuality "1"]
[TimeControl "5400+30"]

1. e4 c6 2. d4 d5 3. exd5 cxd5 4. c4 Nf6 5. Nc3 Nc6 6. Nf3 Bg4 7. cxd5 Nxd5 8. Bb5 Nxc3 9. bxc3 Qa5 10. Bxc6+ bxc6 11. Qd3 Bf5 12. Qc4 Qd5 13. Qxd5 cxd5 14. Nh4 Be4 15. f3 Bd3 16. Kd2 Bc4 17. Nf5 e6 18. Ne3 Ba6 19. Re1 Kd7 20. Rb1 Bd6 21. g3 Rab8 22. Bb2 Rb6 23. Rec1 Rhb8 24. Kc2 h5 25. Nd1 h4 26. f4 g5 27. Nf2 hxg3 28. hxg3 gxf4 29. gxf4 Bxf4 30. Rg1 Bd6 31. Ba1 Rxb1 32. Rxb1 Rg8 33. c4 Rg2 0-1

[Event "Croatian-ch Youth U15 2022"]
[Site "Trogir"]
[Date "2022.06.25"]
[Round "6.10"]
[White "Zovko, Josipa"]
[Black "Karij, Petra"]
[Result "1/2-1/2"]
[ECO "D30"]
[WhiteElo "1419"]
[BlackElo "1433"]
[Annotator "NA RC"]
[PlyCount "52"]
[EventDate "2022.06.22"]
[EventType "swiss"]
[EventCountry "CRO"]
[SourceTitle "playchess.com"]
[Source "ChessBase"]
[SourceQuality "1"]
[TimeControl "5400+30"]

1. Nf3 d5 2. d4 c5 3. c4 e6 4. cxd5 exd5 5. e3 Nf6 6. Bb5+ Bd7 7. Bxd7+ Nbxd7 8. O-O Be7 9. dxc5 Nxc5 10. b3 O-O 11. Bb2 Nce4 12. Nd4 Rc8 13. Nd2 Nxd2 14. Qxd2 Ne4 15. Qe2 Bf6 16. Rac1 Qa5 17. Ra1 Rfe8 18. Rfd1 Nc3 19. Bxc3 Qxc3 20. Qd2 Bxd4 21. Qxd4 Qxd4 22. Rxd4 Red8 23. Rd2 Kf8 24. g3 Ke7 25. Rad1 Ke6 26. Kg2 Rd6 1/2-1/2

[Event "Croatian-ch Youth U15 2022"]
[Site "Trogir"]
[Date "2022.06.26"]
[Round "7.1"]
[White "Frouth, Vibor"]
[Black "Grgantov, Marin"]
[Result "0-1"]
[ECO "C54"]
[WhiteElo "1493"]
[BlackElo "2081"]
[Annotator "NA RC"]
[PlyCount "56"]
[EventDate "2022.06.22"]
[EventType "swiss"]
[EventCountry "CRO"]
[SourceTitle "playchess.com"]
[Source "ChessBase"]
[SourceQuality "1"]
[TimeControl "5400+30"]

1. e4 e5 2. Nf3 Nc6 3. Bc4 Bc5 4. c3 Nf6 5. d4 exd4 6. e5 d5 7. Be2 Ne4 8. cxd4 Bb6 9. O-O O-O 10. Be3 f6 11. exf6 Qxf6 12. Nc3 Be6 13. a3 a6 14. Qd3 Nd6 15. Bg5 Qf5 16. Be3 Rae8 17. Rad1 Ne4 18. Nd2 Bf7 19. b4 Bg6 20. Ncxe4 dxe4 21. Qc3 Rd8 22. Bc4+ Kh8 23. Nb3 Rf6 24. a4 Bh5 25. Rd2 Bf3 26. Rc1 Qg4 27. g3 Rd5 28. h4 Qh3 0-1

[Event "Croatian-ch Youth U15 2022"]
[Site "Trogir"]
[Date "2022.06.26"]
[Round "7.2"]
[White "Colev, Ivor"]
[Black "Jakovic, Roko"]
[Result "1-0"]
[ECO "B87"]
[WhiteElo "1984"]
[BlackElo "1944"]
[Annotator "NA RC"]
[PlyCount "103"]
[EventDate "2022.06.22"]
[EventType "swiss"]
[EventCountry "CRO"]
[SourceTitle "playchess.com"]
[Source "ChessBase"]
[SourceQuality "1"]
[TimeControl "5400+30"]

1. e4 c5 2. Nf3 d6 3. d4 cxd4 4. Nxd4 Nf6 5. Nc3 a6 6. Bc4 e6 7. Bb3 b5 8. O-O Be7 9. Qf3 Qc7 10. Qg3 Nc6 11. Nxc6 Qxc6 12. Re1 Bb7 13. a3 Rd8 14. f3 O-O 15. Bh6 Ne8 16. Kh1 Kh8 17. Bg5 Bxg5 18. Qxg5 Nf6 19. Rad1 Rd7 20. Rd3 Rfd8 21. Red1 h6 22. Qh4 Qc5 23. g4 Kg8 24. Rg1 Nh7 25. Qg3 g5 26. h4 Kg7 27. hxg5 Nxg5 28. Rgd1 a5 29. Rd4 b4 30. axb4 axb4 31. Na4 Qb5 32. Kg1 e5 33. R4d3 f6 34. Kg2 d5 35. exd5 Bxd5 36. Bxd5 Rxd5 37. Rxd5 Rxd5 38. Rxd5 Qxd5 39. Nb6 Qc6 40. Qf2 e4 41. fxe4 Nxe4 42. Qe3 Qxc2+ 43. Kf3 Ng5+ 44. Kg3 Qxb2 45. Qe7+ Nf7 46. Nd7 Qc3+ 47. Kh4 Kg6 48. Nf8+ Kg7 49. Ne6+ Kg6 50. Nf4+ Kg7 51. Nh5+ Kg6 52. Qe4+ 1-0

[Event "Croatian-ch Youth U15 2022"]
[Site "Trogir"]
[Date "2022.06.26"]
[Round "7.3"]
[White "Horcicka, Jan"]
[Black "Franc, Borna"]
[Result "1/2-1/2"]
[ECO "C50"]
[WhiteElo "1804"]
[BlackElo "2032"]
[Annotator "NA RC"]
[PlyCount "42"]
[EventDate "2022.06.22"]
[EventType "swiss"]
[EventCountry "CRO"]
[SourceTitle "playchess.com"]
[Source "ChessBase"]
[SourceQuality "1"]
[TimeControl "5400+30"]

1. e4 e5 2. Nf3 Nc6 3. Bc4 Bc5 4. Nc3 d6 5. h3 a6 6. a3 Be6 7. Ba2 Nf6 8. d3 h6 9. Be3 Ba7 10. d4 exd4 11. Nxd4 Nxd4 12. Bxd4 Bxa2 13. Rxa2 Bxd4 14. Qxd4 O-O 15. O-O Re8 16. Raa1 c5 17. Qd3 Qb6 18. Rfd1 Rad8 19. a4 Qc6 20. f3 Qd7 21. Qc4 Qe6 1/2-1/2

[Event "Croatian-ch Youth U15 2022"]
[Site "Trogir"]
[Date "2022.06.26"]
[Round "7.4"]
[White "Sundac, Ivano"]
[Black "Tomljanovic, Ivano"]
[Result "1-0"]
[ECO "D60"]
[WhiteElo "1978"]
[BlackElo "1844"]
[Annotator "NA RC"]
[PlyCount "61"]
[EventDate "2022.06.22"]
[EventType "swiss"]
[EventCountry "CRO"]
[SourceTitle "playchess.com"]
[Source "ChessBase"]
[SourceQuality "1"]
[TimeControl "5400+30"]

1. Nf3 d5 2. d4 Nf6 3. c4 c6 4. Nc3 e6 5. Bg5 Be7 6. e3 Nbd7 7. Bd3 dxc4 8. Bxc4 Nd5 9. Bxe7 Qxe7 10. O-O O-O 11. e4 Nxc3 12. bxc3 e5 13. Qe2 h6 14. Rfe1 Re8 15. Rad1 exd4 16. cxd4 Nb6 17. Bb3 Bg4 18. h3 Bxf3 19. Qxf3 Nd7 20. e5 Nf8 21. d5 cxd5 22. Bxd5 Rab8 23. Qf5 Ne6 24. Be4 Ng5 25. Bc2 Qe6 26. Qd3 Qc6 27. h4 Ne6 28. Qh7+ Kf8 29. Rd6 Qc3 30. Re3 Qc5 31. Rd7 1-0

[Event "Croatian-ch Youth U15 2022"]
[Site "Trogir"]
[Date "2022.06.26"]
[Round "7.5"]
[White "Zadro, Matej"]
[Black "Gal, Andrej"]
[Result "1-0"]
[ECO "B64"]
[WhiteElo "1861"]
[BlackElo "1874"]
[Annotator "NA RC"]
[PlyCount "109"]
[EventDate "2022.06.22"]
[EventType "swiss"]
[EventCountry "CRO"]
[SourceTitle "playchess.com"]
[Source "ChessBase"]
[SourceQuality "1"]
[TimeControl "5400+30"]

1. e4 c5 2. Nf3 d6 3. d4 cxd4 4. Nxd4 Nf6 5. Nc3 Nc6 6. Bg5 e6 7. Qd2 Be7 8. O-O-O O-O 9. f4 d5 10. e5 Nd7 11. h4 Nb6 12. Bxe7 Qxe7 13. h5 Bd7 14. h6 g6 15. Ncb5 Nxd4 16. Nxd4 a6 17. Rh3 Bb5 18. b3 Rfc8 19. Kb1 Nd7 20. Bxb5 axb5 21. Nxb5 Rc5 22. Qb4 b6 23. Re1 Nb8 24. Nd6 Qa7 25. a4 Nc6 26. Qa3 Qa5 27. Rd1 Qa6 28. Rhd3 Na5 29. g4 Nb7 30. Nxb7 Qxb7 31. Qb4 Qc6 32. c3 Rca5 33. c4 Rd8 34. Qe7 Rc8 35. Qf6 Kf8 36. Qh8+ Ke7 37. Qxh7 Rxa4 38. Qg7 Rxc4 39. Qf6+ Ke8 40. bxc4 Qxc4 41. Qh8+ Ke7 42. Qxc8 Qxc8 43. h7 Qh8 44. Rh1 b5 45. Rc3 Kd7 46. Kc2 b4 47. Rc5 d4 48. Kd3 b3 49. Kxd4 b2 50. Rb5 Qa8 51. h8=Q Qa4+ 52. Kc3 Qxb5 53. Rd1+ Kc7 54. Qd8+ Kc6 55. Qd7+ 1-0

[Event "Croatian-ch Youth U15 2022"]
[Site "Trogir"]
[Date "2022.06.26"]
[Round "7.6"]
[White "Bunic, Emanuel"]
[Black "Radic, Len"]
[Result "1-0"]
[ECO "D07"]
[WhiteElo "1941"]
[BlackElo "1457"]
[Annotator "NA RC"]
[PlyCount "35"]
[EventDate "2022.06.22"]
[EventType "swiss"]
[EventCountry "CRO"]
[SourceTitle "playchess.com"]
[Source "ChessBase"]
[SourceQuality "1"]
[TimeControl "5400+30"]

1. d4 d5 2. c4 Nc6 3. cxd5 Qxd5 4. e3 e5 5. Nc3 Bb4 6. a3 Bxc3+ 7. bxc3 Qd6 8. a4 Nge7 9. Ba3 Qd8 10. Bc4 exd4 11. cxd4 O-O 12. Ne2 a6 13. O-O Bf5 14. Ng3 Bg6 15. f4 h6 16. f5 Bh7 17. Qh5 g6 18. Qxh6 1-0

[Event "Croatian-ch Youth U15 2022"]
[Site "Trogir"]
[Date "2022.06.26"]
[Round "7.7"]
[White "Mandaric, Fran"]
[Black "Djuric, Leon"]
[Result "0-1"]
[ECO "B50"]
[WhiteElo "1808"]
[BlackElo "1475"]
[Annotator "NA RC"]
[PlyCount "102"]
[EventDate "2022.06.22"]
[EventType "swiss"]
[EventCountry "CRO"]
[SourceTitle "playchess.com"]
[Source "ChessBase"]
[SourceQuality "1"]
[TimeControl "5400+30"]

1. e4 c5 2. Nf3 d6 3. c3 Nc6 4. Bd3 g6 5. Bc2 Bg7 6. h3 e5 7. d3 Nf6 8. O-O O-O 9. Re1 Re8 10. Be3 Qa5 11. Nbd2 b5 12. a4 b4 13. Nc4 Qc7 14. Bg5 bxc3 15. bxc3 Be6 16. Bxf6 Bxf6 17. Bb3 Rab8 18. Ba2 d5 19. Ncxe5 Nxe5 20. exd5 Nxf3+ 21. Qxf3 Bf5 22. Rxe8+ Rxe8 23. g4 Bxc3 24. Rc1 Qe7 25. Qd1 Bb4 26. Rc4 Qe1+ 27. Qxe1 Rxe1+ 28. Kg2 Bxd3 29. Rf4 Be4+ 30. f3 Re2+ 31. Kf1 Rxa2 32. fxe4 c4 33. e5 c3 34. Rxb4 c2 35. Rb8+ Kg7 36. Rc8 Ra1+ 37. Ke2 c1=Q 38. Rxc1 Rxc1 39. d6 Rc5 40. Kd3 Rxe5 41. Kd4 Re1 42. Kc5 Kf8 43. Kc6 Ke8 44. a5 f5 45. gxf5 gxf5 46. Kc7 Rc1+ 47. Kb7 Kd7 48. Kxa7 Kxd6 49. a6 f4 50. Kb8 f3 51. a7 Ra1 0-1

[Event "Croatian-ch Youth U15 2022"]
[Site "Trogir"]
[Date "2022.06.26"]
[Round "7.8"]
[White "Sokcevic, Petar"]
[Black "Rautner, Fran"]
[Result "1/2-1/2"]
[ECO "A16"]
[WhiteElo "1368"]
[BlackElo "1753"]
[Annotator "NA RC"]
[PlyCount "68"]
[EventDate "2022.06.22"]
[EventType "swiss"]
[EventCountry "CRO"]
[SourceTitle "playchess.com"]
[Source "ChessBase"]
[SourceQuality "1"]
[TimeControl "5400+30"]

1. c4 Nf6 2. Nc3 g6 3. e4 d6 4. d3 Bg7 5. Be2 O-O 6. Nf3 c5 7. O-O Nc6 8. Rb1 Ne8 9. Ne1 f5 10. exf5 Bxf5 11. Bg4 Nc7 12. Nc2 Bxg4 13. Qxg4 Ne5 14. Qe2 Qd7 15. d4 Nf3+ 16. gxf3 cxd4 17. Ne4 Qh3 18. Ng3 h5 19. Qe4 h4 20. Nxd4 hxg3 21. fxg3 d5 22. cxd5 e5 23. dxe6 Bxd4+ 24. Qxd4 Rad8 25. Qe4 Nxe6 26. Qxg6+ Ng7 27. Bh6 Rf7 28. Bxg7 Rxg7 29. Qe4 Rd2 30. Rf2 Rxg3+ 31. hxg3 Qxg3+ 32. Kh1 Qh3+ 33. Kg1 Qg3+ 34. Kh1 Qh3+ 1/2-1/2

[Event "Croatian-ch Youth U15 2022"]
[Site "Trogir"]
[Date "2022.06.26"]
[Round "7.9"]
[White "Begic, Klara"]
[Black "Friscic, Laura"]
[Result "1-0"]
[ECO "D02"]
[WhiteElo "1727"]
[BlackElo "1106"]
[Annotator "NA RC"]
[PlyCount "166"]
[EventDate "2022.06.22"]
[EventType "swiss"]
[EventCountry "CRO"]
[SourceTitle "playchess.com"]
[Source "ChessBase"]
[SourceQuality "1"]
[TimeControl "5400+30"]

1. d4 Nf6 2. Bf4 e6 3. e3 c5 4. c3 d5 5. Nd2 Nc6 6. Ngf3 Bd6 7. Bg3 O-O 8. Bd3 Qc7 9. dxc5 Bxg3 10. hxg3 Ne5 11. Nxe5 Qxe5 12. Qc2 h6 13. Nf3 Qc7 14. b4 Bd7 15. O-O Rfc8 16. Rfc1 Ng4 17. e4 dxe4 18. Bxe4 Bc6 19. Nd4 Bxe4 20. Qxe4 Nf6 21. Qf3 Nd5 22. a3 Qe5 23. Re1 Qf6 24. Qxf6 Nxf6 25. Nb5 Rd8 26. Rad1 a6 27. Nd6 Rd7 28. Nc4 Rad8 29. Nb2 Rd2 30. Rxd2 Rxd2 31. Nc4 Rc2 32. Nd6 Rxc3 33. Nxb7 Rxa3 34. c6 Rc3 35. Nc5 Nd5 36. Rd1 Ne7 37. Rd8+ Kh7 38. c7 a5 39. b5 Rxc5 40. b6 Rb5 41. Rb8 Rc5 42. b7 Rxc7 43. Rh8+ Kxh8 44. b8=Q+ Rc8 45. Qb7 Rc1+ 46. Kh2 Ng8 47. Qxf7 Re1 48. Qa7 Re5 49. Qd4 Rf5 50. f3 Rh5+ 51. Kg1 Rd5 52. Qe4 Rd1+ 53. Kh2 Rd6 54. g4 Rb6 55. Kg3 Ra6 56. Qc4 Rd6 57. Qc7 Ra6 58. Qc4 Rd6 59. Kf4 Kh7 60. Qe4+ Kh8 61. Qe5 Ra6 62. Qb5 Rd6 63. Qxa5 Rd4+ 64. Kg3 Rd6 65. Qe5 Ra6 66. g5 hxg5 67. Qxg5 Nh6 68. Qc1 Ng8 69. Qc5 Kh7 70. Qd4 Kh8 71. Qh4+ Nh6 72. Qd8+ Ng8 73. Kf4 Rc6 74. g4 Ra6 75. Kg3 g6 76. Qc8 Ra7 77. Qxe6 Kh7 78. Qe3 Rf7 79. Qg5 Nh6 80. Qh4 Kg7 81. Qd8 Ng8 82. Qd4+ Kh7 83. Qd5 Nf6 1-0

[Event "Croatian-ch Youth U15 2022"]
[Site "Trogir"]
[Date "2022.06.26"]
[Round "7.11"]
[White "Buchwald, Svea"]
[Black "Zovko, Josipa"]
[Result "0-1"]
[ECO "D53"]
[WhiteElo "1187"]
[BlackElo "1419"]
[Annotator "NA RC"]
[PlyCount "118"]
[EventDate "2022.06.22"]
[EventType "swiss"]
[EventCountry "CRO"]
[SourceTitle "playchess.com"]
[Source "ChessBase"]
[SourceQuality "1"]
[TimeControl "5400+30"]

1. Nf3 d5 2. d4 c5 3. c4 e6 4. Nc3 Nf6 5. Bg5 Be7 6. e3 h6 7. Bh4 Nbd7 8. Be2 O-O 9. O-O dxc4 10. Bxc4 Nb6 11. Bb3 c4 12. Ba4 Nfd5 13. Bxe7 Qxe7 14. Nxd5 exd5 15. Ne5 Bf5 16. Bc2 f6 17. Ng6 Bxg6 18. Bxg6 f5 19. Qc2 Qg5 20. Bxf5 Qxf5 21. Qxf5 Rxf5 22. Rac1 Rf6 23. Rc2 Rc6 24. Re1 Re8 25. g3 Nd7 26. Kg2 Nf6 27. f3 b5 28. Rce2 Rce6 29. Kf2 a5 30. a3 Kf7 31. Rc1 Nd7 32. Rc3 b4 33. axb4 axb4 34. Rc1 Nb6 35. Ra1 Ra8 36. Rxa8 Nxa8 37. e4 c3 38. bxc3 bxc3 39. Rc2 dxe4 40. Rxc3 exf3 41. Rxf3+ Rf6 42. Rxf6+ Kxf6 43. Ke3 Ke6 44. Ke4 Nc7 45. Kf4 Nd5+ 46. Kg4 Nf6+ 47. Kf4 g5+ 48. Ke3 Ng4+ 49. Ke4 Nxh2 50. d5+ Kd6 51. Kd4 h5 52. Ke4 g4 53. Kf5 Kxd5 54. Kg5 Ke4 55. Kxh5 Kf3 56. Kh4 Nf1 57. Kg5 Kxg3 58. Kf5 Kf3 59. Kg5 g3 0-1

[Event "Croatian-ch Youth U15 2022"]
[Site "Trogir"]
[Date "2022.06.26"]
[Round "8.1"]
[White "Grgantov, Marin"]
[Black "Sundac, Ivano"]
[Result "1/2-1/2"]
[ECO "B23"]
[WhiteElo "2081"]
[BlackElo "1978"]
[Annotator "NA RC"]
[PlyCount "89"]
[EventDate "2022.06.22"]
[EventType "swiss"]
[EventCountry "CRO"]
[SourceTitle "playchess.com"]
[Source "ChessBase"]
[SourceQuality "1"]
[TimeControl "5400+30"]

1. e4 c5 2. Nc3 Nc6 3. f4 g6 4. Nf3 Bg7 5. Bb5 Nd4 6. O-O Nxb5 7. Nxb5 d5 8. exd5 a6 9. Nc3 Nf6 10. d4 Nxd5 11. dxc5 Nxc3 12. Qxd8+ Kxd8 13. bxc3 Bxc3 14. Rb1 Kc7 15. Rb3 Bf6 16. Bd2 a5 17. Rb5 Be6 18. Rfb1 Bd5 19. a3 a4 20. Ne5 Bxe5 21. fxe5 Kd7 22. Bc3 Ke6 23. R5b4 Rhd8 24. Kf2 Bc6 25. g3 Rd5 26. Bd4 f6 27. exf6 Rf5+ 28. Ke2 exf6 29. Rf1 Rxf1 30. Kxf1 f5 31. Be3 Rd8 32. Rd4 Rxd4 33. Bxd4 Kd5 34. Bb2 Kxc5 35. Ke2 Kc4 36. Kd2 b5 37. Bc3 g5 38. Bb4 f4 39. gxf4 gxf4 40. Ke2 Be4 41. c3 Kd5 42. Kf2 Ke5 43. Bc5 Kf5 44. Bd6 Kg4 45. Bc7 1/2-1/2

[Event "Croatian-ch Youth U15 2022"]
[Site "Trogir"]
[Date "2022.06.26"]
[Round "8.2"]
[White "Colev, Ivor"]
[Black "Zadro, Matej"]
[Result "1-0"]
[ECO "C95"]
[WhiteElo "1984"]
[BlackElo "1861"]
[Annotator "RC"]
[PlyCount "107"]
[EventDate "2022.06.22"]
[EventType "swiss"]
[EventCountry "CRO"]
[SourceTitle "playchess.com"]
[Source "ChessBase"]
[SourceQuality "1"]
[TimeControl "5400+30"]

1. e4 e5 2. Nf3 Nc6 3. Bb5 a6 4. Ba4 Nf6 5. O-O b5 6. Bb3 Be7 7. Re1 d6 8. c3 O-O 9. h3 Nb8 10. d4 Nbd7 11. Nbd2 Bb7 12. Bc2 c5 13. d5 c4 14. Nf1 Nc5 15. Ng3 g6 16. Bh6 Re8 17. Qd2 Bf8 18. Bxf8 Rxf8 19. Qh6 Qe7 20. Ng5 Rfe8 21. Rf1 Qf8 22. Qxf8+ Rxf8 23. f4 Nfd7 24. f5 h6 25. Nf3 Nf6 26. Nd2 Kg7 27. Rfb1 Bc8 28. fxg6 fxg6 29. b4 cxb3 30. axb3 Bd7 31. b4 Nb7 32. Ra3 Rfc8 33. Rba1 a5 34. Bd3 a4 35. c4 Nd8 36. cxb5 Rcb8 37. Rxa4 Rxa4 38. Rxa4 Bxb5 39. Bxb5 Rxb5 40. Nc4 Nb7 41. Kf2 Nd7 42. Ne2 Nb6 43. Nxb6 Rxb6 44. Ke3 Kf6 45. Kd3 Kg5 46. Kc4 Kh4 47. Ra8 h5 48. Nc3 g5 49. Na4 Na5+ 50. Rxa5 Rb8 51. Nc3 Rc8+ 52. Kd3 Rb8 53. b5 Kg3 54. Ra2 1-0

[Event "Croatian-ch Youth U15 2022"]
[Site "Trogir"]
[Date "2022.06.26"]
[Round "8.3"]
[White "Djuric, Leon"]
[Black "Franc, Borna"]
[Result "0-1"]
[ECO "E09"]
[WhiteElo "1475"]
[BlackElo "2032"]
[Annotator "NA RC"]
[PlyCount "62"]
[EventDate "2022.06.22"]
[EventType "swiss"]
[EventCountry "CRO"]
[SourceTitle "playchess.com"]
[Source "ChessBase"]
[SourceQuality "1"]
[TimeControl "5400+30"]

1. d4 d5 2. c4 e6 3. Nf3 Nf6 4. g3 Be7 5. Bg2 O-O 6. O-O c6 7. Qc2 b6 8. Nbd2 Bb7 9. e4 dxe4 10. Nxe4 Nbd7 11. Rd1 Nxe4 12. Qxe4 Nf6 13. Qc2 Qc8 14. Ne5 c5 15. d5 Bd6 16. f4 exd5 17. cxd5 Qc7 18. Nc4 b5 19. Ne3 c4 20. Kh1 Rfe8 21. a4 Bc5 22. Nf5 Rad8 23. axb5 Bxd5 24. Bxd5 Rxd5 25. Nh4 Qb7 26. Ng2 Rxd1+ 27. Qxd1 Ng4 28. Qf1 Nf2+ 29. Kg1 Nd3+ 30. Kh1 Re1 31. Qxe1 Nxe1 0-1

[Event "Croatian-ch Youth U15 2022"]
[Site "Trogir"]
[Date "2022.06.26"]
[Round "8.4"]
[White "Horcicka, Jan"]
[Black "Bunic, Emanuel"]
[Result "0-1"]
[ECO "C50"]
[WhiteElo "1804"]
[BlackElo "1941"]
[Annotator "NA RC"]
[PlyCount "92"]
[EventDate "2022.06.22"]
[EventType "swiss"]
[EventCountry "CRO"]
[SourceTitle "playchess.com"]
[Source "ChessBase"]
[SourceQuality "1"]
[TimeControl "5400+30"]

1. e4 e5 2. Nf3 Nc6 3. Bc4 Bc5 4. Nc3 Nf6 5. d3 d6 6. Bg5 h6 7. Bxf6 Qxf6 8. Nd5 Qd8 9. c3 Ne7 10. d4 exd4 11. cxd4 Nxd5 12. dxc5 Nf4 13. O-O dxc5 14. Qxd8+ Kxd8 15. Bxf7 Ke7 16. Bc4 Rd8 17. h3 Rd6 18. Rfe1 Be6 19. Bxe6 Kxe6 20. e5 Rd3 21. Re4 Rf8 22. Ne1 Rd4 23. Re3 Rfd8 24. Nf3 Rd1+ 25. Re1 Rxa1 26. Rxa1 Nd3 27. Kf1 Nxb2 28. Ke2 b6 29. Rb1 Nd3 30. Ng1 Nxe5 31. f4 Nc6 32. g4 g6 33. Re1 Kf6 34. Kf3 Nd4+ 35. Kf2 c4 36. Rc1 b5 37. Ke3 Ne6 38. Nf3 Rd3+ 39. Kf2 Nxf4 40. h4 Ra3 41. Rc2 Nd3+ 42. Ke3 Ne1+ 43. Kd2 Nxc2 44. g5+ hxg5 45. hxg5+ Kg7 46. Kxc2 Rxf3 0-1

[Event "Croatian-ch Youth U15 2022"]
[Site "Trogir"]
[Date "2022.06.26"]
[Round "8.5"]
[White "Rautner, Fran"]
[Black "Frouth, Vibor"]
[Result "1/2-1/2"]
[ECO "C92"]
[WhiteElo "1753"]
[BlackElo "1493"]
[Annotator "NA RC"]
[PlyCount "97"]
[EventDate "2022.06.22"]
[EventType "swiss"]
[EventCountry "CRO"]
[SourceTitle "playchess.com"]
[Source "ChessBase"]
[SourceQuality "1"]
[TimeControl "5400+30"]

1. e4 e5 2. Nf3 Nc6 3. Bb5 a6 4. Ba4 Nf6 5. O-O Be7 6. Re1 b5 7. Bb3 d6 8. c3 O-O 9. h3 Be6 10. d4 Bxb3 11. Qxb3 exd4 12. Nxd4 Nxd4 13. cxd4 c5 14. e5 dxe5 15. dxe5 Nd7 16. Qg3 Re8 17. Bh6 Bf8 18. Nc3 Kh8 19. Bf4 Re6 20. Rad1 Qc7 21. Ne4 h6 22. Nd6 Nb6 23. Nf5 Rae8 24. Re2 Nc4 25. b3 Nxe5 26. Rde1 f6 27. Nh4 Qf7 28. Bxe5 fxe5 29. Re4 Be7 30. Nf3 Bf6 31. Qg4 Qe7 32. Qf5 Qd6 33. h4 Rf8 34. Qh5 Kh7 35. Ng5+ Bxg5 36. hxg5 Qe7 37. R1e2 Qxg5 38. Qxg5 hxg5 39. Rxe5 Rxe5 40. Rxe5 Rc8 41. Rxg5 c4 42. bxc4 bxc4 43. Rd5 c3 44. Rd1 Kg6 45. Kf1 Rc5 46. Rc1 Kf5 47. Ke2 Ke4 48. Rc2 g5 49. Rc1 1/2-1/2

[Event "Croatian-ch Youth U15 2022"]
[Site "Trogir"]
[Date "2022.06.26"]
[Round "8.6"]
[White "Jakovic, Roko"]
[Black "Mrkic, Simun"]
[Result "1-0"]
[ECO "E71"]
[WhiteElo "1944"]
[BlackElo "1557"]
[Annotator "NA RC"]
[PlyCount "51"]
[EventDate "2022.06.22"]
[EventType "swiss"]
[EventCountry "CRO"]
[SourceTitle "playchess.com"]
[Source "ChessBase"]
[SourceQuality "1"]
[TimeControl "5400+30"]

1. d4 Nf6 2. c4 g6 3. Nc3 Bg7 4. e4 d6 5. h3 O-O 6. Be3 e5 7. d5 a5 8. g4 Na6 9. Nge2 Nc5 10. Ng3 Bd7 11. Qd2 a4 12. f3 h5 13. Bg5 Qe8 14. gxh5 Nxh5 15. Nxh5 gxh5 16. Bh6 f6 17. Rg1 Rf7 18. Qg2 Qe7 19. Qg6 c6 20. O-O-O a3 21. b3 b5 22. dxc6 Bxc6 23. cxb5 Bb7 24. Bc4 Ne6 25. Bxe6 Qxe6 26. Bxg7 1-0

[Event "Croatian-ch Youth U15 2022"]
[Site "Trogir"]
[Date "2022.06.26"]
[Round "8.7"]
[White "Gal, Andrej"]
[Black "Volic, Duje"]
[Result "1-0"]
[ECO "D36"]
[WhiteElo "1874"]
[BlackElo "1387"]
[Annotator "NA RC"]
[PlyCount "93"]
[EventDate "2022.06.22"]
[EventType "swiss"]
[EventCountry "CRO"]
[SourceTitle "playchess.com"]
[Source "ChessBase"]
[SourceQuality "1"]
[TimeControl "5400+30"]

1. d4 d5 2. c4 e6 3. Nc3 Nf6 4. cxd5 exd5 5. Bg5 Nbd7 6. e3 Be7 7. Bd3 O-O 8. Nge2 Re8 9. Qc2 c6 10. O-O h6 11. Bh4 Ne4 12. Bxe7 Qxe7 13. Rae1 Ndf6 14. f3 Nxc3 15. Nxc3 Be6 16. a3 Rad8 17. Kh1 c5 18. dxc5 Qxc5 19. Nb5 Qxc2 20. Bxc2 a6 21. Nd4 Rc8 22. Rc1 g6 23. Kg1 Kg7 24. Kf2 Nd7 25. Ba4 b5 26. Bc2 Ne5 27. b3 Nc6 28. Bd3 Nxd4 29. exd4 Bd7 30. Rc5 Rxc5 31. dxc5 Bc6 32. Re1 Rxe1 33. Kxe1 Kf6 34. Kd2 Ke5 35. Ke3 g5 36. g3 d4+ 37. Ke2 a5 38. Be4 b4 39. axb4 Bb5+ 40. Bd3 Bxd3+ 41. Kxd3 axb4 42. c6 Kd6 43. Kxd4 Kxc6 44. Kc4 f5 45. Kxb4 f4 46. gxf4 gxf4 47. Ka5 1-0